AoeStats
← 812508893

African Clearing

510469314Analyzed
4v4 RM · 2d ago on Oct 1, 2026· 41m 32s· 8 players
Game mode
Random Map
Map size
Large (8 player)
Population
200
Speed
Normal
Resources
Standard
Victory
Conquest
Starting age
Dark Age
Ending age
Imperial Age
RankedLock teamsTeams togetherTeam positionsShared explorationLock speedFull tech treeHidden civsTurbo modeCheats
Victory
Defeat
1038
+13
🇲🇽 Byzantines · Mexico
1023
+14
🇨🇳 Magyars · China
987
+15
🇵🇪 Japanese · Peru
962
+17
🇨🇳 Magyars · China
996
-15
🇻🇳 Jurchens · Vietnam
969
-15
🇨🇳 Huns · China
969
-15
🇻🇳 Ethiopians · Vietnam
968
-14
Tào Tháo
6:13 Loom
19:54 Feudal Age
21:21 Double-Bit Axe
21:16 Horse Collar
21:29 Gold Mining
21:30 Stone Mining
26:07 Castle Age
30:18 Bow Saw
33:22 Heavy Plow
40:07 Imperial Age
39:11 Wheelbarrow
39:19 Bloodlines
41:02 Forging
40:58 Scale Barding Armor
41:28 Murder Holes
41:54 Ballistics
Vanilla
12:35 Loom
14:42 Feudal Age
16:04 Double-Bit Axe
20:38 Horse Collar
25:36 Castle Age
27:02 Wheelbarrow
27:29 Husbandry
27:39 Bloodlines
29:29 Stone Mining
30:57 Heavy Plow
31:21 Scale Barding Armor
33:36 Bow Saw
33:59 Chain Barding Armor
33:43 Corvinian Army
33:55 Gold Mining
38:17 Imperial Age
812508893
16:00 Loom
18:11 Feudal Age
19:01 Man-at-Arms
30:17 Forging
30:17 Scale Mail Armor
Đại Việt 2026
7:04 Loom
16:35 Feudal Age
17:20 Man-at-Arms
26:25 Castle Age
DRAGONROJO500
8:08 Loom
14:25 Feudal Age
14:59 Double-Bit Axe
19:15 Man-at-Arms
21:23 Forging
29:58 Castle Age
28:15 Horse Collar
30:17 Gold Mining
30:21 Fletching
30:51 Squires
32:17 Elite Skirmisher
36:56 Scale Mail Armor
37:39 Arson
37:58 Gambesons
40:11 Iron Casting
42:11 Chain Mail Armor
likelisi017
5:30 Loom
15:11 Feudal Age
20:56 Castle Age
19:19 Double-Bit Axe
21:00 Stone Mining
21:21 Horse Collar
23:19 Bow Saw
23:12 Heavy Plow
24:37 Wheelbarrow
24:41 Fervor
25:57 Town Watch
30:49 Hand Cart
30:59 Gold Mining
32:38 Fletching
33:11 Ballistics
32:46 Murder Holes
37:35 Imperial Age
35:50 Corvinian Army
36:03 Husbandry
36:13 Bloodlines
36:02 Bodkin Arrow
36:13 Scale Barding Armor
38:25 Chain Barding Armor
38:20 Masonry
38:43 Bracer
39:21 Crop Rotation
40:17 Two-Man Saw
40:02 Plate Barding Armor
39:25 Elite Magyar Huszar
40:26 Conscription
40:09 Recurve Bow
40:57 Padded Archer Armor
41:53 Hoardings
42:11 Leather Archer Armor
ULIMA | I AM Chris Fernando
3:22 Loom
15:26 Feudal Age
18:26 Fletching
21:50 Castle Age
20:24 Double-Bit Axe
36:40 Horse Collar
41:24 Gold Mining
+ ..dotavio ..+
5:50 Loom
14:56 Feudal Age
20:00 Castle Age
18:07 Double-Bit Axe
23:57 Horse Collar
26:45 Gold Mining
30:41 Heavy Plow
32:39 Scale Mail Armor
32:49 Forging
32:51 Arson
33:10 Squires
34:23 Chain Mail Armor
35:11 Gold Shaft Mining
34:52 Gambesons
38:03 Wheelbarrow
37:55 Stone Mining
40:03 Hand Cart
40:47 Iron Casting
43:32 Imperial Age
Connection lost

Rejoining the realm…

Still unreachable

The connection could not be restored.

Session expired

The server has moved on; the page needs a fresh start.